Map: [EWC] Site Delta

Players

Maru - Winner!

  • Race: Terran Terran
  • Spawn Location: 5:00

Oliveira

  • Race: Terran Terran
  • Spawn Location: 11:00

Event: Esports World Cup 2024

VOD

Have the link to the VOD?

Description

Time

  • Played on: Aug. 16, 2024, 11:10 a.m.
  • Length: 15:36

All games in this series

Show
View Real Time Build Order
Export as new Build Order

Maru Terran - Winner!

Build Orders: Reaper Expand, Mech 

Get SALT Encoding   

  12  0:00  SCV  
  13  0:12  SCV  
  14  0:17  Supply Depot  
  14  0:24  SCV  
  15  0:39  SCV, Barracks  
  16  0:42  Refinery  
  16  0:51  SCV  
  17  1:03  SCV  
  18  1:15  SCV  
  19  1:26  Reaper  
  19  1:27  Orbital Command  
  20  1:41  Command Center  
  20  1:52  SCV  
  21  1:54  Supply Depot  
  21  1:58  Reaper  
  22  2:04  Refinery  
  22  2:05  SCV  
  23  2:17  SCV  
  23  2:20  Factory  
  24  2:29  SCV  
  24  2:35  Barracks Reactor  
  24  2:41  SCV  
  25  2:52  Orbital Command  
  25  2:53  SCV  
  25  3:07  Cyclone  
  25  3:09  Starport  
  25  3:11  SCV  
  27  3:12  Marine  
  27  3:13  Marine  
  27  3:18  SCV  
  30  3:23  SCV  
  31  3:27  Command Center  
  31  3:31  SCV  
  32  3:34  Marine x2  
  32  3:38  SCV  
  32  3:40  Cyclone  
  37  3:44  SCV  
  38  3:48  Viking  
  38  3:51  SCV  
  38  3:54  Refinery  
  41  3:57  SCV  
  41  4:00  Supply Depot  
  41  4:02  Marine x2  
  44  4:06  SCV  
  44  4:09  SCV  
  46  4:13  Factory Tech Lab  
  46  4:18  Starport Tech Lab  
  46  4:21  SCV x2  
  48  4:26  Marine x2  
  50  4:33  SCV x2  
  50  4:34  Refinery  
  50  4:37  Raven  
  54  4:39  Siege Tank, Interference Matrix  
  54  4:40  Orbital Command  
  57  4:45  SCV  
  57  4:47  Supply Depot, SCV  
  57  4:49  Marine x2  
  61  4:57  SCV  
  61  4:59  SCV  
  63  5:02  Starport  
  63  5:06  SCV  
  64  5:08  Marine x2  
  64  5:12  Raven  
  64  5:13  Siege Tank  
  71  5:15  Supply Depot, SCV  
  71  5:17  SCV  
  72  5:28  Supply Depot  
  73  5:30  Marine x2  
  73  5:32  SCV  
  73  5:34  SCV  
  75  5:35  Orbital Command  
  75  5:42  Starport Reactor  
  75  5:44  SCV  
  75  5:46  SCV  
  75  5:48  Raven, Siege Tank  
  81  5:53  Engineering Bay  
  81  5:56  SCV  
  82  5:58  SCV, Marine x2  
  82  6:01  Refinery  
  82  6:03  SCV, Refinery  
  86  6:05  Armory  
  86  6:06  Armory  
  86  6:08  SCV  
  86  6:10  SCV  
  86  6:11  Supply Depot  
  88  6:15  SCV  
  89  6:20  Siege Tank, SCV  
  93  6:25  Supply Depot  
  93  6:27  SCV  
  93  6:30  Barracks Tech Lab  
  93  6:32  Raven, SCV x2, Viking  
  99  6:39  SCV, Sensor Tower  
  100  6:42  Factory  
  100  6:44  SCV  
  101  6:47  SCV  
  101  6:52  SCV  
  101  6:53  Terran Vehicle Weapons Level 1  
  101  6:54  Terran Vehicle And Ship Armor Level 1  
  103  6:55  Supply Depot  
  103  6:56  SCV  
  103  6:59  SCV  
  104  7:01  Viking  
  104  7:04  SCV  
  104  7:07  Missile Turret  
  107  7:08  Supply Depot, SCV  
  107  7:09  Missile Turret  
  107  7:11  SCV  
  108  7:16  SCV  
  108  7:17  Siege Tank  
  108  7:21  SCV, Factory  
  108  7:22  Supply Depot  
  113  7:23  SCV  
  113  7:26  Viking x2  
  113  7:28  SCV  
  115  7:33  SCV  
  115  7:35  SCV  
  111  7:39  Siege Tank  
  111  7:40  SCV  
  114  7:45  SCV  
  114  7:48  SCV  
  113  7:52  SCV, Viking  
  113  7:53  Siege Tank  
  113  7:57  SCV, Missile Turret  
  120  7:58  Missile Turret  
  120  8:00  SCV  
  120  8:02  Missile Turret  
  120  8:04  SCV  
  122  8:06  Command Center  
  122  8:09  SCV  
  122  8:11  Raven, Viking  
  122  8:12  SCV  
  128  8:16  SCV, Siege Tank  
  128  8:18  Supply Depot  
  128  8:19  Supply Depot  
  132  8:21  SCV  
  133  8:28  Missile Turret  
  133  8:33  SCV  
  133  8:34  SCV  
  131  8:37  SCV  
  131  8:38  Hellion  
  131  8:39  Siege Tank  
  132  8:42  Viking x2  
  132  8:46  SCV x2  
  137  8:48  Siege Tank  
  137  8:50  SCV, Terran Vehicle Weapons Level 2  
  141  8:58  SCV x2, Missile Turret  
  141  8:59  Missile Turret x2, Terran Vehicle And Ship Armor Level 2  
  143  9:06  Hellion x2  
  147  9:14  Viking  
  147  9:15  Command Center  
  149  9:30  Supply Depot x2, Thor, Viking  
  157  9:33  Viking  
  159  9:44  Viking  
  161  9:48  Barracks  
  161  9:55  Thor  
  161  9:57  Refinery  
  161  9:59  Missile Turret  
  167  10:00  Viking  
  167  10:01  Missile Turret, Refinery  
  167  10:02  Missile Turret  
  167  10:03  Viking  
  171  10:14  Viking  
  171  10:15  Command Center  
  171  10:19  Planetary Fortress, Sensor Tower  
  173  10:23  Missile Turret  
  173  10:26  Missile Turret  
  173  10:30  Viking  
  175  10:35  Missile Turret  
  175  10:39  Thor  
  175  10:42  Viking  
  183  10:44  Viking  
  183  10:46  Missile Turret  
  184  10:52  Neosteel Armor  
  184  11:03  Missile Turret  
  183  11:07  Thor  
  183  11:08  Viking  
  191  11:12  Viking  
  191  11:13  Starport  
  191  11:14  Viking, Barracks Reactor  
  191  11:16  Refinery  
  191  11:17  Refinery, Missile Turret  
  195  11:18  Missile Turret, Sensor Tower  
  195  11:23  Planetary Fortress  
  195  11:24  Missile Turret  
  195  11:28  Missile Turret  
  195  11:29  Missile Turret  
  195  11:33  Terran Ship Weapons Level 1  
  195  11:34  Orbital Command  
  195  11:40  Terran Vehicle And Ship Armor Level 3  
  195  11:48  Command Center  
  195  11:52  Factory  
  195  11:53  Factory  
  195  11:58  Smart Servos  
  195  11:59  Viking  
  197  12:15  Sensor Tower  
  197  12:16  Missile Turret  
  197  12:24  Armory  
  196  12:32  Hi-Sec Auto Tracking  
  192  12:37  Starport  
  192  12:39  Fusion Core, Starport  
  192  12:41  Factory Tech Lab x2  
  192  12:43  Infernal Pre-Igniter  
  192  12:49  Command Center  
  192  12:56  Command Center  
  192  13:04  Siege Tank x2  
  198  13:22  Sensor Tower  
  196  13:31  Siege Tank x2  
  187  13:36  Siege Tank x2  
  187  13:39  Starport Tech Lab x2  
  182  13:48  Planetary Fortress  
  182  14:02  Hellbat  
  184  14:03  Siege Tank x2  
  184  14:08  Siege Tank x2  
  196  14:12  Sensor Tower  
  196  14:20  Missile Turret  
  196  14:29  Battlecruiser x2  
  196  14:30  Missile Turret  
  196  14:35  Siege Tank  
  196  14:36  Viking x2  
  197  14:42  Viking  
  192  14:49  Siege Tank x2  
  192  14:50  Siege Tank, Hellbat  
  180  14:53  Planetary Fortress  
  180  15:03  Viking  
  180  15:05  Viking  
  180  15:08  Hellbat  
  180  15:11  Hellbat  
  183  15:21  Refinery x2  
Show
View Real Time Build Order
Export as new Build Order

Oliveira Terran 

Build Orders: Gas First Reaper Expand 

Get SALT Encoding   

  12  0:00  SCV  
  13  0:12  SCV  
  14  0:17  Supply Depot  
  14  0:24  SCV  
  14  0:27  Refinery  
  15  0:39  SCV  
  16  0:44  Barracks  
  16  0:51  SCV  
  17  1:03  SCV  
  18  1:15  SCV  
  19  1:31  Orbital Command, Reaper  
  20  1:42  Command Center  
  20  1:54  Factory  
  20  1:57  SCV  
  21  2:03  Supply Depot  
  21  2:06  Marine  
  22  2:09  SCV  
  23  2:16  Refinery  
  23  2:23  SCV  
  23  2:24  Marine  
  24  2:35  SCV  
  25  2:38  Hellion  
  25  2:39  Starport  
  25  2:43  Barracks Reactor  
  27  2:47  SCV  
  27  3:00  Cyclone  
  29  3:10  SCV  
  29  3:11  Orbital Command  
  30  3:15  Medivac  
  30  3:17  Orbital Command  
  30  3:19  Marine x2  
  33  3:22  SCV  
  35  3:32  Factory Tech Lab  
  35  3:34  SCV  
  36  3:43  SCV  
  37  3:48  SCV  
  37  3:49  Command Center  
  37  3:55  SCV  
  39  3:56  Raven, Factory Tech Lab  
  39  3:59  Supply Depot  
  39  4:01  Interference Matrix  
  42  4:02  SCV  
  42  4:07  SCV, Refinery  
  43  4:15  SCV  
  46  4:21  SCV  
  45  4:27  SCV  
  45  4:28  Factory Reactor  
  45  4:29  Barracks x2  
  46  4:33  SCV  
  46  4:34  Raven, Marine  
  50  4:39  SCV  
  50  4:45  SCV  
  52  4:46  Stimpack  
  52  4:51  SCV  
  53  4:53  Engineering Bay x2  
  53  4:57  SCV  
  54  5:02  Orbital Command  
  54  5:03  SCV  
  54  5:06  Barracks  
  55  5:09  SCV  
  56  5:16  SCV  
  56  5:18  Barracks  
  56  5:20  Starport Reactor  
  57  5:21  SCV  
  57  5:22  Marine x2  
  57  5:24  Marine x3  
  57  5:28  Terran Infantry Weapons Level 1  
  63  5:30  Terran Infantry Armor Level 1  
  63  5:31  SCV  
  63  5:35  Supply Depot  
  64  5:36  Orbital Command  
  64  5:37  SCV  
  64  5:40  Marine  
  64  5:41  Siege Tank  
  69  5:48  Marine  
  69  5:53  Refinery  
  69  5:54  Supply Depot  
  69  5:56  Marine x2, Barracks Reactor  
  73  5:59  Supply Depot  
  73  6:00  Marine  
  73  6:03  Bunker  
  72  6:05  Marine  
  72  6:06  Marine  
  72  6:07  Medivac  
  76  6:11  Marine  
  76  6:12  Supply Depot x2  
  76  6:15  Medivac  
  79  6:19  Siege Tank, Marine x2  
  79  6:20  SCV  
  79  6:21  SCV  
  79  6:23  SCV  
  79  6:24  Marine  
  88  6:30  Barracks Reactor  
  88  6:32  SCV, Marine  
  88  6:34  SCV  
  88  6:35  SCV  
  88  6:37  Combat Shield, Marine  
  93  6:40  Marine  
  93  6:43  Marine  
  93  6:45  SCV  
  93  6:46  SCV  
  97  6:47  SCV, Marine  
  97  6:48  Medivac  
  97  6:50  Marine x2  
  97  6:53  Marine  
  102  6:56  Marine  
  102  6:57  Siege Tank  
  102  6:58  Marine  
  102  6:59  SCV  
  108  7:02  SCV  
  108  7:05  Supply Depot  
  108  7:07  SCV, Marine x2  
  112  7:10  Armory  
  112  7:11  Marine  
  112  7:12  Marine  
  114  7:16  Marine  
  114  7:17  Marine  
  114  7:18  SCV  
  117  7:26  Marine  
  117  7:27  SCV  
  117  7:29  Marine x2  
  120  7:37  Marine  
  120  7:38  Marine  
  120  7:40  SCV x2  
  125  7:44  Supply Depot  
  125  7:46  SCV, Siege Tank  
  125  7:50  Marine  
  121  7:52  SCV  
  121  7:54  Command Center  
  121  7:57  SCV, Starport  
  122  7:58  Terran Infantry Weapons Level 2  
  122  8:00  Terran Infantry Armor Level 2  
  122  8:01  Starport  
  122  8:02  SCV  
  123  8:12  SCV  
  124  8:16  Refinery x2, Terran Ship Weapons Level 1  
  124  8:20  Siege Tank  
  124  8:21  Marine x2  
  129  8:33  Marine  
  118  8:35  Marine  
  118  8:37  Marine, Viking x2  
  118  8:39  Marine  
  118  8:41  Marine  
  109  8:42  SCV  
  109  8:43  Barracks Tech Lab x2  
  109  8:45  SCV  
  109  8:47  Viking  
  107  8:50  SCV  
  107  8:51  Marine  
  107  8:53  Marine  
  107  8:54  SCV  
  111  8:57  Viking x2  
  111  8:58  Marine x3  
  111  9:00  Command Center  
  111  9:02  Concussive Shells, Marauder  
  120  9:03  SCV  
  120  9:05  SCV  
  120  9:08  Planetary Fortress  
  122  9:11  Marauder  
  122  9:12  Marine  
  122  9:14  SCV  
  122  9:15  SCV  
  127  9:17  Viking  
  127  9:20  SCV  
  127  9:22  Marauder  
  132  9:26  SCV  
  132  9:27  Refinery  
  132  9:28  SCV, Refinery  
  132  9:29  Supply Depot  
  134  9:33  Medivac x2  
  134  9:35  Marauder  
  134  9:37  SCV  
  141  9:38  SCV  
  141  9:43  Marauder  
  141  9:44  SCV  
  145  9:48  Supply Depot x2, Viking  
  145  9:49  SCV  
  145  9:52  Marauder  
  149  9:56  SCV x2  
  149  9:57  Viking  
  155  10:03  Starport  
  152  10:11  Terran Ship Weapons Level 2  
  152  10:12  Armory  
  152  10:13  Planetary Fortress  
  152  10:14  Barracks Tech Lab  
  152  10:15  SCV, Refinery  
  152  10:16  SCV, Refinery  
  152  10:20  Raven  
  156  10:24  SCV  
  156  10:25  SCV  
  156  10:27  SCV, Terran Infantry Weapons Level 3  
  159  10:30  SCV  
  160  10:36  Terran Infantry Armor Level 3  
  160  10:38  SCV  
  160  10:41  Marauder  
  160  10:42  Marauder x2  
  167  10:44  Command Center  
  167  10:47  Starport Tech Lab  
  167  10:51  Starport  
  167  10:52  Marine  
  168  10:57  Raven, Viking x2  
  168  11:02  Viking  
  174  11:05  Viking  
  174  11:06  Marauder x2  
  174  11:07  Marauder  
  174  11:08  Terran Vehicle And Ship Armor Level 1  
  182  11:15  Raven  
  184  11:29  Starport Tech Lab  
  184  11:30  Viking  
  184  11:31  Raven  
  188  11:34  Supply Depot, Command Center  
  188  11:35  Viking  
  188  11:37  Command Center  
  190  11:41  Viking  
  190  11:44  Marauder  
  194  11:55  Viking  
  194  11:56  Raven, Marauder  
  200  12:19  Command Center  
  200  12:21  Planetary Fortress  
  200  12:22  Command Center  
  200  12:24  Marauder  
  200  12:30  Terran Ship Weapons Level 3  
  200  12:33  Fusion Core  
  200  12:38  Command Center x2  
  200  12:59  Orbital Command  
  200  13:03  Neosteel Armor  
  200  13:04  Refinery x2  
  200  13:05  Planetary Fortress, Missile Turret  
  200  13:09  Command Center  
  200  13:13  Hi-Sec Auto Tracking, Barracks  
  200  13:14  Barracks  
  200  13:15  Barracks  
  200  13:18  Terran Vehicle And Ship Armor Level 2  
  200  13:22  Factory  
  200  13:26  Raven  
  178  13:37  Raven x2, Viking  
  178  13:38  Viking x2  
  178  13:39  Marauder x3  
  178  13:41  Siege Tank, Viking  
  184  13:51  Orbital Command x2  
  184  13:52  Orbital Command  
  184  14:01  Raven  
  184  14:02  Barracks Tech Lab x2, Marauder x2  
  187  14:03  Barracks Tech Lab  
  187  14:09  Viking x2, Factory Tech Lab  
  183  14:27  Marine x3, Marauder x2  
  183  14:28  Raven x2  
  183  14:29  Viking x2  
  183  14:31  Siege Tank  
  168  14:34  Marine x2  
  168  14:35  Marauder  
  168  14:37  Liberator  
  160  14:39  Siege Tank, Marine  
  160  14:40  Marine  
  163  14:49  Marine  
  163  14:50  Marine, Marauder  
  163  14:52  Liberator x2  
  141  14:53  Marine  
  141  14:54  Marauder  
  137  15:00  Marine  
  137  15:06  Marine x2, Marauder  
  126  15:12  Marine x3, Marauder  
Tags
 
Add a new tag
Caveats
  • Supply blocks, unpowered buildings, or Contaminate may cause inaccurate times.
  • Supply counts are checked every 10 seconds.